cohdb
Replays
Latest Replays
All Replays
Popular Replays
Top Player Replays
Match Explorer
How It Works
Community
CoH3 Stats
Reddit
Sign in to upload your games and track your stats! →
Sign in with Steam
Match 42597255
Unlisted
Match 42597255
Overview
Messages
Build Orders
End
Construct Infanterie Kompanie
Selects Italian Coastal Battlegroup
Selects Coastal Reserves
Coastal Reserve
MG 42 Machine Gun Team
GrW 34 Mortar Team
Selects Artillery Officer
Artillery Officer
MG 42 Bunker
Construct Panzergrenadier Kompanie
Medical Station
Pak 40 Anti-tank Gun Team
Coastal Reserve
Support Elements
MG 42 Bunker
Nebelwerfer 42 Rocket Launcher Team
Coastal Reserve
Pak 40 Anti-tank Gun Team
Selects Coastal Wall
Coastal Reserve
MG 42 Bunker
Construct Panzer Kompanie
MG 42 Bunker
Selects Designate Defensive Line
Selects Designated Artillery Overwatch
Panzer IV Medium Tank
MG 42 Bunker
Selects Bulwark
MG 42 Bunker
MG 42 Bunker
Panzer Officer Quarters
Side Skirts
Panzer IV Medium Tank
MG 42 Bunker
MG 42 Bunker
MG 42 Bunker
Nebelwerfer 42 Rocket Launcher Team
MG 42 Bunker
MG 42 Bunker
MG 42 Bunker
TioFreak
DanceFKRdance
Nukepapa
Tang Dynasty
0
0
Comments
sign in to comment!
No comments posted yet!